 Dungeon Crawl Stone Soup version 0.28.0-43-g3370ac3207 (webtiles) character file.

Game seed: 17011103302165887371

217 ZappyNine the Ruffian (level 5, -2/53 HPs)
             Began as a Troll Monk on Apr 1, 2022.
             Was a Priest of Fedhas.
             Slain by a gnoll
             ... wielding a +0 halberd
              (9 damage)
             ... on level 3 of the Dungeon.
             The game lasted 00:02:50 (1631 turns).

ZappyNine the Ruffian (Troll Monk)                  Turns: 1631, Time: 00:02:50

Health: -2/53      AC:  4    Str: 21    XL:     5   Next: 62%
Magic:  4/4        EV: 10    Int:  6    God:    Fedhas [***...]
Gold:   130        SH:  0    Dex: 12    Spells: 4/4 levels left

rFire   . . .      SeeInvis .     - Unarmed
rCold   . . .      Faith    .   (no shield)
rNeg    . . .      Spirit   .   a - +0 robe
rPois   .          Reflect  .   (helmet restricted)
rElec   .          Harm     .   (no cloak)
rCorr   .          Rampage  .   (gloves unavailable)
Will    .....                   (boots unavailable)
Stlth   ++........              (no amulet)
HPRegen 0.97/turn               (no ring)
MPRegen 0.09/turn               (no ring)

@: no status effects
A: large, unfitting armour, claws 3, regeneration 1, shaggy fur 1, tough skin 1
a: Renounce Religion, Wall of Briars, Grow Ballistomycete


You were on level 3 of the Dungeon.
You worshipped Fedhas.
Fedhas was most pleased with you.
You visited 1 branch of the dungeon, and saw 3 of its levels.

You collected 130 gold pieces.

Inventory:

Armour
 a - a +0 robe (worn)
Wands
 i - a wand of flame (10)
Scrolls
 d - a scroll of fog {unknown}
 g - a scroll of enchant weapon {unknown}
 j - a scroll of identify {unknown}
Potions
 b - a potion of attraction {unknown}
 c - a potion of degeneration {unknown}
 e - a potion of brilliance {unknown}
 f - a potion of curing {unknown}
 h - a potion of heal wounds {unknown}
 k - a potion of invisibility {unknown}


   Skills:
 + Level 3.6 Fighting
 - Level 2.4 Dodging
 - Level 1.0 Stealth
 * Level 5.5 Unarmed Combat


You had 4 spell levels left.
You didn't know any spells.
Your spell library contained the following spells:

 Spells                   Type           Power      Damage    Failure   Level
 Call Canine Familiar     Summ           0%         N/A       83%         3
 Portal Projectile        Hex/Tloc       0%         N/A       83%         3
 Leda's Liquefaction      Hex/Erth       0%         N/A       99%         4
 Borgnjor's Revivificati  Necr           0%         N/A       100%        8
 Necromutation            Tmut/Necr      0%         N/A       100%        8
 Death's Door             Necr           0%         N/A       100%        9


Dungeon Overview and Level Annotations

Branches:
Dungeon (3/15)

Altars:
Fedhas
Yredelemnul

Shops:
D:3 [


Innate Abilities, Weirdness & Mutations

You are too large for most types of armour.
You have claws for hands.
Your natural rate of healing is unusually fast.
You are covered in fur. (AC +1)
You have tough skin. (AC +1)


Message History

The orc hits you with a +0 short sword.
You barely miss the orc.
The orc is heavily wounded.
The gnoll hits you from afar with a +0 halberd.
You scratch the orc.
You kill the orc!
Fedhas appreciates your contribution to the ecosystem.
The gnoll hits you with a +0 flail. The gnoll hits you with a +4 flail!
The gnoll hits you from afar with a +0 halberd.
You are too injured to fight recklessly!
You are too injured to fight recklessly!
You are too injured to fight recklessly!
You are too injured to fight recklessly!
You are too injured to fight recklessly!
You are too injured to fight recklessly!
You are too injured to fight recklessly!
You are too injured to fight recklessly!
You are too injured to fight recklessly!
You are too injured to fight recklessly!
You are too injured to fight recklessly!
You are too injured to fight recklessly!
You are too injured to fight recklessly!
You are too injured to fight recklessly!
You are too injured to fight recklessly!
You are too injured to fight recklessly!
Unknown command.
You are too injured to fight recklessly!
You are too injured to fight recklessly!
You scratch the gnoll.
The gnoll is lightly wounded.
The gnoll hits you with a +0 flail!
* * * LOW HITPOINT WARNING * * *
The gnoll closely misses you. x2
You barely miss the gnoll.
The gnoll is lightly wounded.
The gnoll hits you with a +0 flail!
* * * LOW HITPOINT WARNING * * *
The gnoll hits you from afar with a +0 halberd!
You die...
Fedhas appreciates your contribution to the ecosystem.

##### #.......#
....# ##.......#
###.# #...#...####
.# ....
#...#....... .#
.....##...#.......
.#
....$+............
....##...gg......
. #...#...@)g.....
..#
#.#.#.###g......
..# #.#...##
....... ..# ..
#......#########
.. ...+.(....># #
#.#.).....# #
#.........# #
#......##.# ###
+#......##.#


You could see 4 gnolls.

Vanquished Creatures
  Ijyb (D:3)
  Terence (D:3)
  An orc wizard (D:3)
  Robin (D:2)
  4 gnolls (D:2)
  2 adders (D:2)
  A worm (D:2)
  A dart slug (D:1)
  3 orcs (D:3)
  7 endoplasms
  2 giant cockroaches (D:1)
  7 hobgoblins
  2 jackals (D:1)
  7 kobolds
  A quokka (D:1)
  5 ball pythons
  6 bats
  3 frilled lizards
  13 goblins
  8 rats
76 creatures vanquished.

Notes
Turn   | Place    | Note
-------+----------+-------------------------------------------
     0 | D:1      | ZappyNine the Troll Monk began the quest for the Orb.
     0 | D:1      | Reached XP level 1. HP: 22/22 MP: 0/0
   139 | D:1      | Reached XP level 2. HP: 29/29 MP: 1/1
   649 | D:2      | Reached XP level 3. HP: 36/36 MP: 2/2
   697 | D:2      | Found a faded altar of an unknown god.
   800 | D:2      | Reached skill level 4 in Unarmed Combat
   901 | D:2      | Reached XP level 4. HP: 20/45 MP: 3/3
   946 | D:2      | Prayed at the altar of an unknown god.
   946 | D:2      | Became a worshipper of Fedhas Madash
   946 | D:2      | Reached * piety under Fedhas
   946 | D:2      | Reached ** piety under Fedhas
   955 | D:2      | Noticed Robin
   976 | D:2      | Reached *** piety under Fedhas
   985 | D:2      | Killed Robin
  1426 | D:3      | Reached skill level 5 in Unarmed Combat
  1467 | D:3      | Noticed Ijyb
  1475 | D:3      | Reached XP level 5. HP: 45/53 MP: 4/4
  1482 | D:3      | Found a basalt altar of Yredelemnul.
  1519 | D:3      | Killed Ijyb
  1581 | D:3      | Noticed Terence
  1589 | D:3      | Killed Terence
  1594 | D:3      | Found Reruce's Armour Shop.
  1631 | D:3      | Slain by a gnoll

Illustrated notes

Levels and vault maps discovered:
D:1:      grunt_arrival_lava_bath, layout_loops_cross, chequers_arboretum,
          minmay_tetromino_t4
D:2:      layout_loops_cross, ebering_ecumenical_altar_webs,
          chequers_hall_statues_y, uniq_robin
D:3:      layout_basic, mainiacjoe_overflow_boulevard, serial_shops,
          nicolae_shop_stone, uniq_ijyb, uniq_terence

Skill      XL: |  1  2  3  4 |
---------------+-------------+-----
Unarmed Combat | 4 5 |  5.5
Fighting       | 3 |  3.6
Dodging        | |  2.4
Stealth        | |  1.0

Action                   |  1- 3 |  4- 6 || total
-------------------------+-------+-------++-------
Melee: Unarmed           |    88 |    96 ||   184
       Punch             |     1 |     1 ||     2
 Stab: Sleeping          |     7 |     1 ||     8
Armor: Robe              |    36 |    30 ||    66
Dodge: Dodged            |    47 |    37 ||    84
